 Dungeon Crawl Stone Soup version 0.30.2 (webtiles) character file.

Game seed: 5053051265613701167

70 Ashen the Trooper (level 4, 0/45 HPs)
             Began as an Ogre Warper on Jan 19, 2024.
             Slain by an orc
             ... wielding a +0 club
              (4 damage)
             ... on level 2 of the Dungeon.
             The game lasted 00:02:15 (1048 turns).

Ashen the Trooper (Ogre Warper)                     Turns: 1048, Time: 00:02:15

Health: 0/45       AC:  5    Str: 13 (15) XL:     4   Next: 22%
Magic:  8/8        EV:  9    Int: 15 (16) God:
Gold:   116        SH:  0    Dex:  6 (8)  Spells: 4/9 levels left

rFire   . . .        a - +0 mace
rCold   . . .        (no shield)
rNeg    . . .        b - +0 robe
rPois   .            j - +2 hat
rElec   .            (no cloak)
rCorr   .            (gloves unavailable)
SInv    .            (boots unavailable)
Will    .....        (no amulet)
Stlth   +            (no ring)
HPRegen 0.27/turn    (no ring)
MPRegen 0.11/turn

%: no passive effects
@: mighty, brilliant
A: large, unfitting armour, tough skin 1
a: no special abilities


You were on level 2 of the Dungeon.
You visited 1 branch of the dungeon, and saw 2 of its levels.

You collected 116 gold pieces.

Inventory:

Hand Weapons
 a - a +0 mace (weapon)
Missiles
 d - 7 boomerangs of dispersal (quivered)
 g - 5 boomerangs
Armour
 b - a +0 robe (worn)
 j - a +2 hat (worn)
Scrolls
 c - a scroll of blinking
 e - a scroll of enchant weapon {unknown}
 f - a scroll of silence {unknown}
 i - 2 scrolls of teleportation {unknown}


   Skills:
 + Level 3.4 Fighting
 + Level 2.2 Maces & Flails
 - Level 1.0 Throwing
 + Level 2.5 Dodging
 + Level 0.8 Stealth
 + Level 3.0 Spellcasting
 + Level 3.0 Translocations


You had 4 spell levels left.
You knew the following spells:

 Your Spells              Type           Power      Damage    Failure   Level
a - Blink                 Tloc           34%        N/A       9%          2
b - Teleport Other        Tloc           17%        N/A       17%         3

Your spell library contained the following spells:

 Spells                   Type           Power      Damage    Failure   Level
 Lesser Beckoning         Tloc           34%        N/A       9%          2
 Vhi's Electric Charge    Tloc/Air       20%        N/A       32%         3
 Manifold Assault         Tloc           17%        N/A       50%         4


Dungeon Overview and Level Annotations

Branches:
Dungeon (2/15)

Altars:

Shops:
D:2 (


Innate Abilities, Weirdness & Mutations

You are too large for most types of armour.
You have tough skin. (AC +1)


Message History

You hit the orc priest.
The orc priest is lightly wounded.
The orc priest hits you with a +4 falchion.
You sock the orc priest!
The orc priest is severely wounded.
The orc priest mumbles some strange prayers to Beogh against you.
Beogh smites you!
* * * LOW HITPOINT WARNING * * *
You hit the orc priest but do no damage.
The orc priest is severely wounded.
The orc priest barely misses you.
The orc priest hits you with a +4 falchion.
* * * LOW HITPOINT WARNING * * *
You hit the orc priest but do no damage.
The orc priest is severely wounded.
The orc priest hits you with a +4 falchion.
* * * LOW HITPOINT WARNING * * *
You hit the orc priest.
The orc priest is severely wounded.
The orc priest hits you with a +4 falchion.
* * * LOW HITPOINT WARNING * * *
It was a potion of might.
You feel very mighty all of a sudden.
The orc priest looks satisfied for a moment.
You sock the orc priest!
You kill the orc priest!
The orc closely misses you.
Your Spellcasting skill increases to level 3!
You have reached level 4!
It was a potion of brilliance.
You feel clever all of a sudden. The orc closely misses you.
It was a potion of degeneration.
There was something very wrong with that liquid.
You feel weakened.
You feel dopey.
You feel clumsy. The orc closely misses you.
You closely miss the orc.
The orc is heavily wounded.
The orc hits you with a +0 club.
You die...

#.†....# #.#
#..##..### #>#
#........# #.#
#############o#
......## #.# #
#.....# #o#
#.#.#.#.# #.#
#.......#####.#
#..#.#....@oo#
##......######
####.#.#
#.#.#####
##.#.....
##..#..##
#.......###
#.#.#.#....
#.......#..


You could see 2 orcs.

Vanquished Creatures
  An orc priest (D:2)
  A worm (D:2)
  A dart slug (D:1)
  2 orcs (D:2)
  4 bats
  4 endoplasms
  3 giant cockroaches
  2 goblins (D:1)
  A jackal (D:1)
  2 kobolds (D:1)
  2 quokkas
  2 ball pythons (D:1)
  5 frilled lizards (D:1)
  2 rats (D:1)
32 creatures vanquished.

Notes
Turn   | Place    | Note
-------+----------+-------------------------------------------
     0 | D:1      | Ashen the Ogre Warper began the quest for the Orb.
     0 | D:1      | Reached XP level 1. HP: 22/22 MP: 3/3
   168 | D:1      | Reached XP level 2. HP: 22/29 MP: 5/5
   453 | D:1      | Reached XP level 3. HP: 35/37 MP: 7/7
   867 | D:2      | Found Wyvod's Antique Weapon Emporium.
   967 | D:2      | Learned a level 2 spell: Blink
   971 | D:2      | Learned a level 3 spell: Teleport Other
  1046 | D:2      | Reached XP level 4. HP: 3/45 MP: 8/8
  1048 | D:2      | Slain by an orc

Illustrated notes

Levels and vault maps discovered:
D:1:      lemuel_arrival_muddy, layout_basic, st_stairs_2, minmay_pentomino_v4
D:2:      layout_loops_ring, serial_glass, glass_columns_b, glass_columns_c,
          glass_columns_a, glass_columns_b, glass_columns_a, glass_columns_a,
          glass_columns_a, glass_columns_a, glass_columns_a, glass_columns_a,
          glass_columns_c, glass_columns_a, glass_columns_b, glass_columns_a,
          serial_shops, nicolae_shop_just_a_little_nook,
          nicolae_shop_just_a_little_nook

Skill      XL: |  1  2  3 |
---------------+----------+-----
Maces & Flails | 2 |  2.2
Fighting       | 3 |  3.4
Translocations | 3 |  3.0
Spellcasting   | 3 |  3.0
Throwing       | |  1.0
Dodging        | |  2.5
Stealth        | |  0.8

Action                     |  1- 3 |  4- 6 || total
---------------------------+-------+-------++-------
  Melee: Mace              |    82 |     1 ||    83
         Punch             |     1 |       ||     1
    Use: Potion            |     1 |     2 ||     3
 Armour: Robe              |    25 |       ||    25
  Dodge: Dodged            |    38 |     2 ||    40
